 Dungeon Crawl Stone Soup version 0.29.1-12-g30fa7ad0bf (webtiles) character file.

Game seed: 2402730564307075950

118 Descartes the Chopper (level 5, -6/41 HPs)
             Began as a Formicid Monk on Jan 16, 2023.
             Mangled by an orc warrior
             ... wielding a +0 hand axe
              (7 damage)
             ... on level 4 of the Dungeon.
             The game lasted 00:04:55 (3198 turns).

Descartes the Chopper (Formicid Monk)               Turns: 3198, Time: 00:04:56

Health: -6/41      AC: 11    Str: 17    XL:     5   Next: 23%
Magic:  5/5        EV:  6    Int: 10    God:
Gold:   177        SH:  0    Dex: 22    Spells: 4/4 levels left

rFire   . . .      SeeInvis +   l - +0 war axe
rCold   . . .      Faith    .   (no shield)
rNeg    . . .      Spirit   .   F - +0 plate armour
rPois   .          Reflect  .   (helmet unavailable)
rElec   .          Harm     .   (no cloak)
rCorr   .          Rampage  .   (no gloves)
Will    .....                   B - +0 pair of boots
Stlth   ..........              (no amulet)
HPRegen 0.13/turn               s - +6 ring of dexterity
MPRegen 0.09/turn               (no ring)

@: no status effects
A: permanent stasis, dig shafts and tunnels, antennae 3, four strong arms
a: Dig, Shaft Self


You were on level 4 of the Dungeon.
You visited 1 branch of the dungeon, and saw 4 of its levels.

You collected 177 gold pieces.

Inventory:

Hand Weapons
 a - a +0 hand axe
 l - a +0 war axe (weapon)
 q - a +0 falchion of electrocution
Armour
 b - a +0 robe
 f - a +0 ring mail
 x - a +0 chain mail
 B - a +0 pair of boots (worn)
 F - a +0 plate armour (worn)
Jewellery
 s - a +6 ring of dexterity (left hand)
 u - a ring of magical power
 v - a ring of flight
 A - a ring of protection from fire
Wands
 y - a wand of iceblast (12)
Scrolls
 d - 2 scrolls of identify {unknown}
 g - a scroll of summoning {unknown}
 i - a scroll of enchant weapon {unknown}
 j - a scroll of immolation
 n - 2 scrolls of teleportation {unknown}
 w - a scroll of silence {unknown}
 D - a scroll of torment {unknown}
 E - a scroll of poison {unknown}
Potions
 e - a potion of haste {unknown}
 h - a potion of resistance {unknown}
 k - 4 potions of curing {unknown}
 m - a potion of attraction {unknown}
 o - 2 potions of magic {unknown}
 p - 2 potions of brilliance {unknown}
 r - 2 potions of degeneration {unknown}
 t - 2 potions of flight {unknown}
 z - 2 potions of mutation {unknown}
 C - a potion of lignification {unknown}


   Skills:
 - Level 3.2 Fighting
 + Level 5.4 Axes
 - Level 2.6 Dodging
 - Level 2.4 Stealth
 + Level 1.0 Invocations


You had 4 spell levels left.
You didn't know any spells.
Your spell library contained the following spells:

 Spells                   Type           Power      Damage    Failure   Level
 Apportation              Tloc           0%         N/A       100%        1
 Necrotise                Necr           0%         1d4       100%        1
 Static Discharge         Conj/Air       0%         3-3/arc   100%        2
 Conjure Flame            Conj/Fire      0%         6-21      100%        3
 Ignite Poison            Fire/Tmut/Pois 0%         N/A       100%        3
 Vampiric Draining        Necr           0%         2d6       100%        3
 Dispel Undead            Necr           0%         3d6       100%        4
 Sticky Flame             Conj/Fire      0%         2d3       100%        4
 Agony                    Necr           0%         N/A       100%        5
 Alistair's Intoxication  Tmut/Pois      0%         N/A       100%        5


Dungeon Overview and Level Annotations

Branches:
Dungeon (4/15)
 Temple: D:4-7

Altars:
Nemelex Xobeh


Innate Abilities, Weirdness & Mutations

You cannot be hasted, slowed, berserked, paralysed or teleported.
You can dig through walls and to a lower floor.
You have a pair of large antennae on your head. (SInv)
Your four strong arms can wield two-handed weapons with a shield.


Message History

You bump into the rock wall.
The orc warrior hits you but does no damage.
You bump into the translucent unnaturally hard rock wall.
The orc warrior completely misses you.
You bump into the translucent unnaturally hard rock wall.
The orc warrior hits you with a +0 hand axe.
You closely miss the orc warrior.
The orc warrior hits you with a +0 hand axe.
You're too confused to move!
You feel less invigorated.
You feel less confused.
The orc warrior hits you but does no damage.
You hit the orc warrior.
The orc warrior is lightly wounded.
The orc warrior barely misses you.
You hit the orc warrior.
The orc warrior is moderately wounded.
The orc warrior hits you with a +0 hand axe.
You barely miss the orc warrior.
The orc warrior is moderately wounded.
The orc warrior hits you with a +0 hand axe! x2
* * * LOW HITPOINT WARNING * * *
You hit the orc warrior but do no damage.
The orc warrior is moderately wounded.
The orc warrior completely misses you.
You closely miss the orc warrior.
The orc warrior is moderately wounded.
The orc warrior hits you but does no damage.
You hit the orc warrior.
The orc warrior is heavily wounded.
The orc warrior hits you with a +0 hand axe.
* * * LOW HITPOINT WARNING * * *
You hit the orc warrior but do no damage.
The orc warrior is heavily wounded.
The orc warrior hits you with a +0 hand axe.
* * * LOW HITPOINT WARNING * * *
The orc warrior barely misses you.
You hit the orc warrior but do no damage.
The orc warrior is heavily wounded.
The orc warrior hits you with a +0 hand axe!
You die...

#############
#...........##
##'#########..#
▓▓▓▓▓▓▓...▓▓▓▓▓▓▓##.#
▓⌠.©.⌠▓...▓⌠...⌠▓ #.#
▓.....▓...▓..(..▓ #.#
▓.....▓...▓..8$.▓ #.#
▓.....▓.o.▓.?.}.▓ #.#
▓⌠.©.o▓@©§▓⌠...⌠▓##.#
▓▓▓▓▓▓▓###▓▓▓▓▓▓▓#.)#
######..# #.......#
#[...<..####
###...###...
#.#.....## #.##.....#
#.###.##..


You could see 2 orc warriors.

Vanquished Creatures
  An iguana (D:3)
  3 adders
  6 orcs
  6 ball pythons
  7 bats
  4 endoplasms
  2 giant cockroaches
  6 goblins
  7 hobgoblins
  2 jackals (D:1)
  4 quokkas
  2 frilled lizards (D:3)
  7 rats
57 creatures vanquished.

Notes
Turn   | Place    | Note
-------+----------+-------------------------------------------
     0 | D:1      | Descartes the Formicid Monk began the quest for the Orb.
     0 | D:1      | Reached XP level 1. HP: 18/18 MP: 1/1
   216 | D:1      | Reached XP level 2. HP: 24/24 MP: 2/2
   462 | D:1      | Reached skill level 4 in Axes
   462 | D:1      | Reached XP level 3. HP: 27/29 MP: 3/3
   833 | D:2      | Found a faded altar of an unknown god.
  1772 | D:2      | Reached XP level 4. HP: 18/35 MP: 4/4
  1976 | D:3      | Reached skill level 5 in Axes
  2421 | D:3      | Reached XP level 5. HP: 41/41 MP: 5/5
  2961 | D:4      | Reached skill level 1 in Invocations
  3143 | D:4      | Noticed an orc warrior
  3143 | D:4      | Noticed an orc warrior
  3144 | D:4      | Found a sparkling altar of Nemelex Xobeh.
  3144 | D:4      | Found a transporter.
  3197 | D:4      | HP: 1/41 [orc warrior/+0 hand axe (5)]
  3198 | D:4      | Mangled by an orc warrior

Illustrated notes

Levels and vault maps discovered:
D:1:      dreamdust_arrival_sigmund_warning, layout_rooms
D:2:      layout_loops_cross, hellmonk_ecumenical_altar_blasted
D:3:      layout_loops_ring
D:4:      layout_rooms, grunt_nemelex_the_gamble, grunt_ministairs_13,
          serial_bayou_pond_a

Skill      XL: |  1  2  3  4  5 |
---------------+----------------+-----
Axes           | 4 5 |  5.4
Invocations    | 1 |  1.0
Fighting       | |  3.2
Dodging        | |  2.6
Stealth        | |  2.4

Action                   |  1- 3 |  4- 6 || total
-------------------------+-------+-------++-------
Melee: Hand axe          |    66 |       ||    66
       War axe           |    37 |    59 ||    96
  Use: Potion            |       |     1 ||     1
 Stab: Sleeping          |     1 |     3 ||     4
Armor: Robe              |     3 |       ||     3
       Ring mail         |    40 |     4 ||    44
       Chain mail        |       |    16 ||    16
       Plate armour      |       |     4 ||     4
Dodge: Dodged            |    73 |    25 ||    98
